Map: Dusk Towers

Players

Pokebunny - Winner!

  • Race: Terran Terran
  • League: Grandmaster

void

  • Race: Zerg Zerg
  • League: Grandmaster

VOD

Have the link to the VOD?

Description

Time

  • Played on: April 6, 2016, 4:22 p.m.
  • Length: 10:45
Show
View Real Time Build Order
Export as new Build Order

Pokebunny Terran - Winner!

Build Orders: Reaper Expand, Bio Tank 

Get SALT Encoding   

  12  0:01  SCV  
  13  0:13  SCV  
  14  0:17  Supply Depot  
  14  0:25  SCV  
  15  0:39  SCV  
  15  0:40  Barracks  
  16  0:43  Refinery  
  16  0:51  SCV  
  17  1:03  SCV  
  18  1:15  SCV  
  19  1:26  Reaper  
  19  1:27  Orbital Command  
  20  1:38  Command Center  
  20  1:48  Supply Depot  
  20  1:53  SCV  
  21  2:02  Barracks  
  21  2:03  Barracks Reactor  
  21  2:06  SCV  
  22  2:15  Barracks  
  22  2:18  SCV  
  23  2:23  Refinery  
  23  2:37  SCV  
  24  2:45  Marine x2  
  26  2:52  Barracks Tech Lab  
  26  2:55  Orbital Command  
  26  2:56  SCV  
  26  2:57  Factory  
  27  3:03  Marine x2  
  29  3:06  Marine  
  29  3:10  SCV  
  31  3:14  Marine  
  31  3:15  Stimpack  
  32  3:22  SCV  
  32  3:23  Marine x2  
  35  3:29  SCV  
  35  3:30  Marine  
  37  3:34  SCV  
  37  3:35  Supply Depot  
  38  3:43  Marine  
  38  3:44  Marine x2  
  38  3:46  Factory Reactor  
  38  3:47  Starport  
  41  3:52  SCV x2  
  43  4:00  Marine  
  44  4:03  Bunker  
  44  4:07  SCV x2  
  44  4:08  Marine x2  
  44  4:09  Marine  
  49  4:18  Marine  
  49  4:19  SCV  
  49  4:20  SCV  
  49  4:22  Supply Depot  
  52  4:27  Engineering Bay  
  52  4:32  Medivac  
  54  4:39  Medivac  
  54  4:40  SCV x2  
  54  4:41  Marine x3  
  54  4:42  Marine  
  62  4:49  Refinery  
  62  4:52  SCV  
  63  4:53  Terran Infantry Weapons Level 1  
  63  4:54  Supply Depot  
  63  5:00  Factory Tech Lab  
  63  5:03  Barracks, Barracks Reactor  
  63  5:05  Barracks  
  62  5:07  Marine x2  
  62  5:08  Marine  
  65  5:15  SCV  
  65  5:16  SCV  
  65  5:21  Siege Tank  
  70  5:24  Supply Depot  
  70  5:26  Supply Depot  
  70  5:29  SCV x2  
  70  5:33  Combat Shields  
  72  5:37  Medivac  
  72  5:38  Marine  
  72  5:42  Marine x3  
  77  5:47  Supply Depot  
  76  5:57  Siege Tank, Marine x2  
  76  6:00  Supply Depot  
  76  6:01  Marine x4  
  82  6:14  Marine, SCV x2  
  82  6:15  Marine  
  82  6:16  Supply Depot  
  86  6:19  Marine x2  
  86  6:21  Medivac  
  90  6:29  Siege Tank  
  93  6:40  Marine x2  
  93  6:41  Marine x2  
  93  6:42  Medivac  
  99  6:47  Terran Infantry Armor Level 1  
  98  6:54  Marine x3  
  98  6:56  Supply Depot  
  98  6:58  Marine  
  98  6:59  Supply Depot  
  98  7:01  Siege Tank  
  105  7:10  Supply Depot  
  105  7:14  Marine x2  
  107  7:21  Marine x3  
  107  7:22  Marine  
  110  7:25  Supply Depot  
  110  7:30  Marine  
  110  7:32  Supply Depot, Command Center  
  110  7:33  Siege Tank  
  114  7:37  Marine x2  
  114  7:39  Marine  
  113  7:49  Marine x3  
  108  7:53  Marine  
  108  7:55  Marine x2  
  108  7:57  Marine  
  106  8:09  Marine x3  
  106  8:11  Marine  
  107  8:13  Marine  
  107  8:14  Siege Tank  
  111  8:20  Marine x2  
  111  8:22  Medivac  
  111  8:23  Medivac  
  111  8:26  Marine  
  118  8:28  Engineering Bay  
  118  8:34  Refinery  
  118  8:35  Supply Depot  
  84  8:57  Marine x3  
  84  8:58  Marine x3  
  84  8:59  Siege Tank  
  84  9:00  Marine  
  91  9:14  Marine x2  
  91  9:15  Marine  
  91  9:16  Marine x3  
  95  9:17  Medivac  
  95  9:18  Medivac, Marauder  
  95  9:24  Armory  
  101  9:32  Marine x2  
  101  9:33  Marine x2  
  101  9:34  Marine  
  103  9:40  Siege Tank  
  103  9:43  Marine  
  103  9:44  Marauder  
  109  9:50  Marine x2  
  109  9:51  Marine x2  
  113  9:56  Marine  
  114  10:01  Marine  
  114  10:05  Marauder  
  114  10:08  Marine x2  
  110  10:20  Marine x2  
  110  10:21  Marine x2  
  114  10:25  Supply Depot  
  114  10:26  Supply Depot, Marine  
Show
View Real Time Build Order
Export as new Build Order

void Zerg 

Build Orders: Hatch First 

Get SALT Encoding   

  12  0:02  Drone  
  13  0:15  Overlord  
  13  0:23  Drone  
  14  0:35  Drone x2  
  16  0:44  Drone  
  16  0:49  Drone  
  18  0:58  Hatchery  
  18  1:02  Drone  
  18  1:07  Extractor  
  17  1:13  Drone  
  18  1:20  Spawning Pool  
  18  1:24  Drone  
  18  1:39  Drone  
  19  1:44  Overlord  
  19  2:06  Zergling x2  
  19  2:07  Zergling x2, Queen  
  23  2:09  Metabolic Boost  
  23  2:10  Queen  
  23  2:11  Drone  
  26  2:17  Drone  
  27  2:25  Drone x2  
  29  2:35  Drone  
  29  2:47  Drone  
  30  2:54  Drone x3  
  30  2:55  Queen, Pneumatized Carapace  
  35  3:02  Overlord  
  35  3:06  Drone  
  36  3:19  Overlord x2  
  36  3:21  Drone x3  
  39  3:27  Drone x2  
  39  3:28  Drone x2  
  39  3:31  Drone  
  44  3:40  Drone  
  45  3:44  Hatchery  
  44  3:49  Drone x4  
  44  3:55  Roach Warren  
  47  3:56  Extractor  
  47  3:58  Zergling x4  
  47  3:59  Zergling x2  
  47  4:02  Overlord  
  49  4:07  Overlord  
  49  4:14  Drone x3  
  52  4:19  Overlord x2  
  52  4:24  Drone  
  52  4:25  Drone x2  
  52  4:27  Drone x2  
  57  4:33  Drone x2  
  59  4:39  Roach  
  59  4:42  Lair  
  59  4:43  Roach  
  63  4:49  Queen  
  63  4:50  Roach  
  67  4:55  Roach  
  67  4:57  Roach  
  71  5:03  Roach x4  
  71  5:04  Roach  
  71  5:05  Roach  
  71  5:06  Roach  
  84  5:11  Drone  
  84  5:12  Extractor  
  84  5:14  Roach  
  86  5:16  Roach  
  88  5:23  Roach  
  90  5:29  Overlord x3  
  90  5:32  Overlord  
  90  5:34  Overlord  
  90  5:36  Overlord  
  90  5:39  Glial Reconstitution  
  90  5:41  Overlord x2  
  90  5:42  Overlord x2  
  90  5:43  Overlord  
  88  5:53  Zergling x2  
  88  5:54  Zergling x6  
  89  5:57  Drone x3  
  89  6:02  Evolution Chamber  
  89  6:04  Drone x3, Extractor, Evolution Chamber  
  89  6:05  Drone x2  
  89  6:10  Drone  
  95  6:23  Hatchery  
  94  6:30  Zerg Missile Weapons Level 1, Drone, Zerg Ground Armor Level 1  
  94  6:31  Drone x4  
  94  6:32  Roach x2  
  103  6:35  Roach  
  103  6:39  Roach x2  
  111  6:40  Roach x2  
  111  6:42  Roach  
  111  6:45  Roach x2  
  117  6:51  Roach x3  
  122  6:55  Ravager  
  123  7:06  Drone  
  123  7:07  Drone x3  
  127  7:08  Tunneling Claws  
  127  7:09  Burrow  
  127  7:10  Roach  
  127  7:11  Drone x2  
  127  7:12  Drone, Extractor  
  127  7:14  Queen  
  133  7:18  Roach x2  
  133  7:20  Roach  
  136  7:24  Ravager  
  136  7:26  Overlord  
  136  7:28  Zergling x2  
  138  7:30  Overlord  
  138  7:32  Ravager  
  138  7:35  Overlord  
  139  7:37  Overseer  
  139  7:38  Zergling x2  
  139  7:39  Zergling x4  
  139  7:42  Roach x2  
  142  7:45  Roach x2  
  142  7:46  Roach x2  
  142  7:48  Roach  
  138  7:52  Roach x2, Zergling x2  
  138  7:53  Zergling x2  
  138  7:55  Roach  
  147  7:58  Ravager  
  147  8:00  Zergling x4  
  147  8:04  Roach x2  
  146  8:06  Roach x2  
  146  8:08  Roach  
  146  8:09  Roach  
  139  8:13  Zergling x8  
  139  8:15  Roach x2  
  139  8:18  Ravager  
  147  8:21  Roach x24  
  147  8:22  Zergling x4  
  147  8:25  Ravager  
  147  8:26  Roach  
  152  8:27  Zergling x2  
  152  8:32  Roach  
  155  8:35  Roach x2  
  155  8:36  Roach  
  155  8:39  Hatchery  
  158  8:43  Roach x3  
  158  8:47  Roach  
  131  8:51  Roach x3  
  131  8:52  Roach  
  131  8:54  Roach  
  111  8:56  Roach  
  111  9:02  Roach x2  
  102  9:03  Roach  
  102  9:04  Roach x11  
  102  9:05  Roach  
  102  9:06  Ravager  
  102  9:07  Roach  
  102  9:11  Roach x16  
  102  9:13  Roach x2  
  102  9:14  Roach x2  
  102  9:16  Roach  
  108  9:18  Roach  
  108  9:23  Roach  
  112  9:28  Roach  
  114  9:43  Roach x2  
  114  9:45  Roach x2, Hatchery  
  119  9:47  Roach x20  
  119  9:54  Drone  
  119  9:57  Roach x2  
  124  10:01  Roach  
  119  10:07  Roach  
  119  10:08  Roach  
Tags
 
Add a new tag
Caveats
  • Supply blocks, unpowered buildings, or Contaminate may cause inaccurate times.
  • Supply counts are checked every 10 seconds.